AoeStats
← Funny Liquid

MegaRandom

503883871Analyzed
1v1 RM · 1mo ago on Sep 2, 2026· 30m 23s· 2 players
Game mode
Random Map
Map size
Tiny (2 player)
Population
200
Speed
Normal
Resources
Standard
Victory
Conquest
Starting age
Dark Age
Ending age
Imperial Age
RankedLock teamsTeams togetherTeam positionsShared explorationLock speedFull tech treeHidden civsTurbo modeCheats
Victory
Defeat
🇮🇱 Wu · Israel
1470
+16
🇨🇿 Malay · Czechia
1463
-16
CrippledGod
0:37 Loom
11:43 Feudal Age
18:39 Castle Age
18:23 Double-Bit Axe
19:31 Bow Saw
20:43 Horse Collar
21:12 Town Watch
22:46 Man-at-Arms
24:06 Long Swordsman
29:27 Forging
Funny Liquid
0:31 Loom
11:42 Feudal Age
12:43 Horse Collar
12:57 Double-Bit Axe
17:37 Wheelbarrow
20:32 Castle Age
19:53 Gold Mining
20:30 Scale Mail Armor
20:40 Forging
21:22 Bow Saw
21:17 Squires
21:15 Arson
23:30 Chain Mail Armor
25:44 Iron Casting
28:52 Man-at-Arms
30:03 Long Swordsman
Connection lost

Rejoining the realm…

Still unreachable

The connection could not be restored.

Session expired

The server has moved on; the page needs a fresh start.